 Dungeon Crawl Stone Soup version 0.21.1-1-g345015f (webtiles) character file.

93 prawnwizard the Digger (level 4, 0/24 HPs)
             Began as a Gargoyle Earth Elementalist on July 9, 2018.
             Slain by a goblin
             ... wielding a +0 club
             ... led by Robin
              (1 damage)
             ... on level 3 of the Dungeon.
             The game lasted 00:04:16 (2868 turns).

prawnwizard the Digger (GrEE)                       Turns: 2868, Time: 00:04:17

Health: 0/24       AC:  5    Str: 14    XL:     4   Next: 62%
Magic:  5/8        EV: 12    Int: 17    God:
Gold:   99         SH:  0    Dex: 10    Spells: 7/8 levels left

rFire    . . .     SeeInvis .   a - -1 dagger (curse)
rCold    . . .     Gourm    .   (no shield)
rNeg     + . .     Faith    .   c - +0 robe
rPois    ∞         Spirit   .   (no helmet)
rElec    +         Reflect  .   (no cloak)
rCorr    .         Harm     .   (no gloves)
MR       .....     Rnd*Tele +   (no boots)
Stlth    ++........             (no amulet)
HPRegen  0.08/turn              n - ring of teleportation (curse)
MPRegen  0.11/turn              u - +3 ring of strength

@: no status effects
A: negative energy resistance 1, electricity resistance, unbreathing,
petrification resistance, rot immunity, AC +3
a: no special abilities


You were on level 3 of the Dungeon.
You were very hungry.

You visited 1 branch of the dungeon, and saw 3 of its levels.

You collected 99 gold pieces.

Inventory:

Hand Weapons
 a - a cursed -1 dagger (weapon)
Missiles
 b - 46 stones (quivered)
Armour
 c - a +0 robe (worn)
Jewellery
 n - a cursed ring of teleportation (left hand)
 u - a +3 ring of strength (right hand)
Scrolls
 p - a scroll of identify
Potions
 g - a potion of haste {unknown}
 h - a potion of resistance {unknown}
 k - 4 potions of heal wounds {unknown}
 l - a potion of agility {unknown}
 m - 2 potions of curing
 o - a potion of lignification {unknown}
 q - a potion of flight {unknown}
 r - a potion of might {unknown}
Books
 e - a book of Geomancy

   Spells                             Type                      Level
   a - Sandblast                      Earth                        1
   b - Passwall                       Transmutation/Earth          2
   c - Stone Arrow                    Conjuration/Earth            3
   d - Petrify                        Transmutation/Earth          4
   e - Lee's Rapid Deconstruction     Earth                        5
Comestibles
 d - 5 rations


   Skills:
 - Level 1.5 Dodging
 - Level 2.1 Stealth
 + Level 2.9 Spellcasting
   Level 0.7 Transmutations
 * Level 5.6 Earth Magic


You had 7 spell levels left.
You knew the following spells:

 Your Spells              Type           Power        Failure   Level  Hunger
a - Sandblast             Erth           ###...       1%          1    None


Dungeon Overview and Level Annotations

Branches:
Dungeon (3/15)

Altars:
Ashenzari
Cheibriados
Trog

Annotations:
D:3 Robin


Innate Abilities, Weirdness & Mutations

You are resistant to torment.
Your stone body is resilient. (AC +3)
You are immune to poison.
You resist negative energy. (rN+)
You are resistant to electric shocks. (rElec)
You can survive without breathing.
You are immune to petrification.
You are immune to rotting.


Message History

Press: ? - help, Shift-Dir - straight line, f - goblin
Aim: a goblin, wielding a club (unusually strong)
The blast of sand hits the goblin.
You kill the goblin!
b - 47 stones The goblin hits you with a club.
* * * LOW HITPOINT WARNING * * *
The goblin closely misses you. Robin throws the goblin at you!
* * * LOW HITPOINT WARNING * * *
Casting: Sandblast
Confirm with . or Enter, or press ? or * to list all spells.
Aiming: Sandblast
Press: ? - help, Shift-Dir - straight line, f - goblin
Aim: a goblin The blast of sand hits the goblin.
You kill the goblin!
b - 46 stones The goblin no longer looks unusually strong.
The goblin hits you with a club.
You die...

#.........#
#.........#
#.........#
#.........#
#.!......g#
#......g.g###
#......g.ggg#
#######g###g#####
#. #g@)..# #
#####.#


You could see Robin, 2 hobgoblins and 5 goblins.

Vanquished Creatures
  Natasha (D:3)
  A gnoll (D:1)
  An adder (D:2)
  An ooze (D:1)
  A worm (D:2)
  3 leopard geckos
  4 orcs (D:3)
  4 bats
  3 giant cockroaches (D:1)
  7 goblins
  2 hobgoblins (D:1)
  2 jackals (D:2)
  2 kobolds
  3 rats (D:1)
35 creatures vanquished.

Notes
Turn   | Place    | Note
-------+----------+-------------------------------------------
     0 | D:1      | prawnwizard the Gargoyle Earth Elementalist began the quest for the Orb.
     0 | D:1      | Reached XP level 1. HP: 10/10 MP: 3/3
   191 | D:1      | Reached skill level 4 in Earth Magic
   191 | D:1      | Reached XP level 2. HP: 10/15 MP: 5/5
   581 | D:1      | Reached XP level 3. HP: 19/19 MP: 2/6
  1727 | D:2      | Reached skill level 5 in Earth Magic
  1989 | D:2      | Found a bloodstained altar of Trog.
  1992 | D:2      | Found a snail-covered altar of Cheibriados.
  1997 | D:2      | Found a shattered altar of Ashenzari.
  2638 | D:3      | Reached XP level 4. HP: 24/24 MP: 1/8
  2639 | D:3      | Noticed Natasha
  2735 | D:3      | Killed Natasha
  2849 | D:3      | Noticed Robin
  2867 | D:3      | HP: 1/24 [Robin/goblin (1)]
  2868 | D:3      | Slain by a goblin

Skill      XL: |  1  2  3 |
---------------+----------+-----
Earth Magic    | 4 5 |  5.6
Dodging        | |  1.5
Stealth        | |  2.1
Spellcasting   | |  2.9
Transmutations | |  0.7

Action                   |  1- 3 |  4- 6 || total
-------------------------+-------+-------++-------
Melee: Dagger            |   143 |    27 ||   170
       Unarmed           |    13 |       ||    13
 Cast: Sandblast         |    20 |     8 ||    28
  Use: Scroll            |     5 |       ||     5
  Eat: Chunk             |     5 |       ||     5
Armor: Robe              |    91 |    21 ||   112
Dodge: Dodged            |   119 |    30 ||   149
